 Dungeon Crawl Stone Soup version 0.30.0-19-g36f170ea60 (webtiles) character file.

Game seed: 17127709966422469090

334 Ijustatesigmund the Trooper (level 6, -1/41 HPs)
             Began as a Gargoyle Fighter on May 30, 2023.
             Slain by a gnoll sergeant
             ... wielding a +0 spear
              (8 damage)
             ... on level 4 of the Dungeon.
             The game lasted 00:05:23 (2572 turns).

Ijustatesigmund the Trooper (Gargoyle Fighter)      Turns: 2572, Time: 00:05:24

Health: -1/41      AC: 13    Str: 19    XL:     6   Next: 53%
Magic:  6/6        EV:  9    Int: 11    God:
Gold:   129        SH:  4    Dex:  9    Spells: 5/5 levels left

rFire   . . .        m - +1 whip (vamp)
rCold   . . .        c - +0 buckler
rNeg    + . .        b - +0 scale mail
rPois   ∞            (no helmet)
rElec   +            j - +0 cloak
rCorr   .            (no gloves)
SInv    .            f - +0 pair of boots
Will    .....        (no amulet) Stlth
                     (no ring)
HPRegen 0.26/turn    (no ring)
MPRegen 0.10/turn

%: no passive effects
@: mighty
A: sickness immunity, AC +4, negative energy resistance 1, electricity
resistance, torment resistance 1, petrification resistance
a: no special abilities


You were on level 4 of the Dungeon.
You visited 1 branch of the dungeon, and saw 4 of its levels.

You collected 199 gold pieces.
You spent 70 gold pieces at shops.

Inventory:

Hand Weapons
 a - a +0 flail of holy wrath
 m - a +1 vampiric whip (weapon)
Armour
 b - a +0 scale mail (worn)
 c - a +0 buckler (worn)
 f - a +0 pair of boots (worn)
 j - a +0 cloak (worn)
Jewellery
 n - an amulet of faith
Scrolls
 e - 2 scrolls of enchant weapon
 i - 4 scrolls of identify
 k - 3 scrolls of butterflies
 l - a scroll of noise
 o - a scroll of silence {unknown}
 p - a scroll of teleportation {unknown}
Potions
 g - 3 potions of attraction
 h - a potion of brilliance
 q - 2 potions of flight {unknown}


   Skills:
 + Level 6.0 Fighting
 + Level 4.9 Maces & Flails
 - Level 3.2 Armour
 - Level 3.2 Shields


You had 5 spell levels left.
You didn't know any spells.
Your spell library was empty.

Dungeon Overview and Level Annotations

Branches:
Dungeon (4/15)
 Temple: D:4-7

Altars:
Elyvilon

Shops:
D:2 !


Innate Abilities, Weirdness & Mutations

You are immune to sickness and miasma.
Your stone body is resilient. (AC +4)
You are immune to poison.
You resist negative energy. (rN+)
You are resistant to electric shocks. (rElec)
You are resistant to unholy torment.
You are immune to petrification.


Message History

The gnoll sergeant hits you with a +0 spear!
You are too injured to fight recklessly!
You are too injured to fight recklessly!
You are too injured to fight recklessly!
You are too injured to fight recklessly!
You are too injured to fight recklessly!
You are too injured to fight recklessly!
You are too injured to fight recklessly!
You are too injured to fight recklessly!
You are too injured to fight recklessly!
You are too injured to fight recklessly!
You are too injured to fight recklessly!
You are too injured to fight recklessly!
You are too injured to fight recklessly!
You are too injured to fight recklessly!
You are too injured to fight recklessly!
You are too injured to fight recklessly!
You are too injured to fight recklessly!
You are too injured to fight recklessly!
You are too injured to fight recklessly!
You are too injured to fight recklessly!
You hit the gnoll sergeant.
You feel better.
The gnoll sergeant is lightly wounded.
The gnoll sergeant barely misses you.
You hit the gnoll sergeant but do no damage.
The gnoll sergeant hits you with a +0 spear!
* * * LOW HITPOINT WARNING * * *
You barely miss the gnoll sergeant.
The gnoll sergeant hits you with a +0 spear.
* * * LOW HITPOINT WARNING * * *
You hit the gnoll sergeant but do no damage.
The gnoll sergeant hits you with a +0 spear.
* * * LOW HITPOINT WARNING * * *
You feel very mighty all of a sudden.
The gnoll sergeant hits you with a +0 spear.
* * * LOW HITPOINT WARNING * * *
You whack the gnoll sergeant!
You feel better.
The gnoll sergeant is moderately wounded.
The gnoll sergeant hits you with a +0 spear!
You die... ..##...........# .. ####........#. .g..P. .. ##.........
P.... ## #........ .gPg #. #.......# PPP

##.####.....### .. .
##.....#......#### .###..#
.................###.....#
######......##.g@.)..#
#....#..#....)####
#...##....†####
#...........##
....#.......##
....#.##...... ......
#.#....# .....##..#.....#
. ##.......#


You could see a gnoll sergeant.

Vanquished Creatures
  A scorpion (D:3)
  A hound (D:3)
  Crazy Yiuf (D:3)
  Terence (D:2)
  3 gnolls (D:4)
  6 adders
  3 worms
  5 dart slugs
  4 orcs (D:3)
  10 ball pythons
  6 bats
  10 endoplasms
  A giant cockroach (D:1)
  9 goblins
  7 hobgoblins
  4 jackals (D:2)
  4 kobolds
  4 quokkas
  6 frilled lizards
  7 rats
93 creatures vanquished.

Notes
Turn   | Place    | Note
-------+----------+-------------------------------------------
     0 | D:1      | Ijustatesigmund the Gargoyle Fighter began the quest for
                  | the Orb.
     0 | D:1      | Reached XP level 1. HP: 14/14 MP: 1/1
   245 | D:1      | Reached XP level 2. HP: 14/19 MP: 2/2
   641 | D:1      | Reached XP level 3. HP: 24/24 MP: 3/3
   645 | D:1      | Reached skill level 4 in Fighting
  1082 | D:2      | Reached XP level 4. HP: 30/30 MP: 4/4
  1123 | D:2      | Found Oloid's Distillery.
  1131 | D:2      | Bought a potion of heal wounds for 70 gold pieces
  1168 | D:2      | Found a white marble altar of Elyvilon.
  1476 | D:2      | Noticed Terence
  1482 | D:2      | Killed Terence
  1483 | D:2      | Reached XP level 5. HP: 33/34 MP: 5/5
  1823 | D:3      | Reached skill level 5 in Fighting
  1884 | D:3      | Found a faded altar of an unknown god.
  1978 | D:3      | Found a runed translucent door.
  1979 | D:3      | Noticed Crazy Yiuf
  2000 | D:3      | Killed Crazy Yiuf
  2001 | D:3      | Reached XP level 6. HP: 9/40 MP: 0/6
  2566 | D:4      | Reached skill level 6 in Fighting
  2571 | D:4      | HP: 1/41 [gnoll sergeant/+0 spear (3)]
  2572 | D:4      | Slain by a gnoll sergeant

Illustrated notes

Levels and vault maps discovered:
D:1:      dpeg_arrival_pits, layout_loops_cross, minivault_27,
          minmay_misc_feat_more_columns, chequers_serial_rivers_micro_d
D:2:      minmay_angry_zag, layout_rooms, serial_shops,
          nicolae_shop_tiny_statue_garden, basic_altar,
          guppyfry_early_lair_pool, uniq_terence
D:3:      layout_rooms, shapermc_ecumenical_altar_acropolis,
          uniq_crazy_yiuf_cottage
D:4:      layout_cave_pools, grunt_temple_overflow_order_and_chaos_1,
          minmay_temple_entry_proselytizer, chequers_serial_rivers_room_b,
          nicolae_grassy_gnolls

Skill      XL: |  1  2  3  4  5  6 |
---------------+-------------------+-----
Fighting       | 4 5 6 |  6.0
Maces & Flails | 3 4 |  4.9
Armour         | |  3.2
Shields        | |  3.2

Action                     |  1- 3 |  4- 6 || total
---------------------------+-------+-------++-------
  Melee: Flail             |   106 |   100 ||   206
         Whip              |       |   144 ||   144
    Use: Scroll            |     1 |     6 ||     7
         Potion            |       |     3 ||     3
 Armour: Scale mail        |    75 |   162 ||   237
  Dodge: Dodged            |    41 |   132 ||   173
  Block: Buckler           |    22 |    44 ||    66
